 Dungeon Crawl Stone Soup version 0.21.1-1-g345015f (webtiles) character file.

8250 Monsterracer the Cleaver (level 11, 0/145 HPs)
             Began as a Minotaur Venom Mage on July 9, 2018.
             Was a Believer of Elyvilon.
             Slain by a blink frog (10 damage)
             ... on level 1 of the Lair of Beasts.
             The game lasted 00:21:42 (14683 turns).

Monsterracer the Cleaver (Minotaur Venom Mage)     Turns: 14683, Time: 00:21:43

Health: 0/145      AC: 13    Str: 22    XL:     11   Next: 7%
Magic:  8/13       EV: 12    Int: 12    God:    Elyvilon [**....]
Gold:   574        SH:  0    Dex: 10    Spells: 12/12 levels left

rFire    . . .     SeeInvis .   a - +0 war axe
rCold    . . .     Gourm    .   (no shield)
rNeg     . . .     Faith    .   y - +2 scale mail {rPois}
rPois    +         Spirit   .   (helmet restricted)
rElec    .         Reflect  .   t - +2 cloak
rCorr    .         Harm     .   (no gloves)
MR       +....                  (no boots)
Stlth    ..........             (no amulet)
HPRegen  0.34/turn              z - +2 ring of slaying
MPRegen  0.13/turn              F - ring of protection from magic {!d}

@: berserking, very quick
A: retaliatory headbutt, horns 2
a: Lesser Healing, Heal Other, Divine Protection, Renounce Religion


You were on level 1 of the Lair of Beasts.
You worshipped Elyvilon.
Elyvilon was pleased with you.
You were very hungry.

You visited 4 branches of the dungeon, and saw 13 of its levels.

You collected 574 gold pieces.

Inventory:

Hand Weapons
 a - a +0 war axe (weapon)
 b - a +0 whip of electrocution
Missiles
 n - 2 throwing nets (quivered)
Armour
 r - a +2 chain mail of cold resistance
 t - a +2 cloak (worn)
 y - a +2 scale mail of poison resistance (worn)
Jewellery
 f - an uncursed ring of protection from cold {!d}
 h - an uncursed ring of protection from fire {!d}
 o - an uncursed ring of see invisible
 s - an uncursed ring of positive energy
 z - a +2 ring of slaying (left hand)
 F - a ring of protection from magic (right hand) {!d}
Wands
 g - a wand of iceblast (13)
 l - a wand of digging (4)
 u - a wand of paralysis (9)
 D - a wand of acid (5)
 H - a wand of scattershot (5)
Scrolls
 i - a scroll of immolation {!r}
 j - a scroll of amnesia
 m - 2 scrolls of enchant armour
 p - 3 scrolls of teleportation
 x - a scroll of remove curse
 B - 3 scrolls of identify
 C - 4 scrolls of magic mapping {!r}
 E - a scroll of blinking
Potions
 d - 4 potions of flight
 e - 6 potions of curing
 k - 2 potions of lignification
 q - a potion of might
 v - a potion of cancellation
 A - 4 potions of invisibility
 G - a potion of heal wounds
Comestibles
 c - 24 rations


   Skills:
 + Level 9.1 Fighting
 * Level 12.9 Axes
 + Level 8.9 Armour
 + Level 6.2 Dodging
 - Level 1.5 Stealth
 - Level 1.3 Spellcasting
   Level 0.6 Conjurations
   Level 2.1 Poison Magic
 + Level 5.0 Invocations


You had 12 spell levels left.
You didn't know any spells.

Dungeon Overview and Level Annotations

Branches:
Dungeon (9/15)             Temple (1/1) D:6            Lair (2/6) D:9
    Orc (1/2) D:9
  Swamp: Lair:2-4    Shoals: Lair:2-4     Snake: Lair:2-4    Spider: Lair:2-4

Altars:
Ashenzari
Cheibriados
Dithmenos
Elyvilon
Fedhas
Gozag
Hepliaklqana
Kikubaaqudgha
Makhleb
Nemelex Xobeh
Okawaru
Qazlal
Ru
Sif Muna
Trog
Uskayaw
Vehumet
Wu Jian
Xom
Yredelemnul
Zin
The Shining One
Beogh

Annotations:
D:5 Ethylacetat's ghost, novice CeHu


Innate Abilities, Weirdness & Mutations

You reflexively headbutt those who attack you in melee.
You have a pair of horns on your head.


Message History

The wolf misses you.
You slash the wolf!
You kill the wolf!
Your Invocations skill increases to level 5!
The wolf completely misses you.
You barely miss the wolf. The wolf bites you.
You take 1 damage, and have 61/97 hp.
You hit the wolf but do no damage. The wolf closely misses you.
The wolf bites you but does no damage.
You barely miss the wolf. The wolf bites you!
You take 7 damage, and have 54/97 hp.
You slash the wolf! Your headbutt misses the wolf.
The wolf is heavily wounded.
The wolf bites you. The wolf barely misses you.
You take 4 damage, and have 50/97 hp.
You slash the wolf! Your headbutt misses the wolf.
The wolf is almost dead.
The wolf bites you.
You slash the wolf!
You kill the wolf!
The wolf barely misses you. You furiously retaliate!
You headbutt the wolf, but do no damage.
You miss the wolf. The wolf bites you.
* * * LOW HITPOINT WARNING * * *
You take 4 damage, and have 46/97 hp.
You barely miss the wolf. Your headbutt misses the wolf.
The wolf closely misses you. The wolf bites you.
* * * LOW HITPOINT WARNING * * *
The blink frog blinks!
You take 2 damage, and have 44/97 hp.
You miss the wolf. The wolf barely misses you.
The blink frog blinks!
You slash the wolf!
The wolf is severely wounded.
The wolf bites you!
* * * LOW HITPOINT WARNING * * *
You take 6 damage, and have 38/97 hp.
You hit the wolf but do no damage.
The wolf is severely wounded.
The wolf barely misses you. The wolf bites you but does no damage.
You closely miss the wolf.
The wolf is severely wounded.
The wolf bites you.
* * * LOW HITPOINT WARNING * * *
The blink frog blinks!
You take 1 damage, and have 37/97 hp.
You hit the wolf but do no damage.
The wolf is severely wounded.
The wolf bites you but does no damage.
The blink frog blinks!
The wolf misses you. You furiously retaliate!
You headbutt the wolf!
You kill the wolf!
The spiny frog misses you. The spiny frog stings you!
* * * LOW HITPOINT WARNING * * *
Items here: †††††† You take 12 damage, and have 25/97 hp.
The blink frog barely misses you.
You slash the blink frog! You headbutt the blink frog.
The blink frog is moderately wounded.
You hit the spiny frog.
The blink frog blinks!
You closely miss the spiny frog. You headbutt the spiny frog.
The spiny frog is lightly wounded.
The spiny frog stings you!
* * * LOW HITPOINT WARNING * * *
You take 14 damage, and have 11/97 hp.
Press: ? - help, Dir - move target cursor, f - spiny frog Heal: a spiny frog (lightly wounded)
The light of Elyvilon fails to reach the spiny frog.
You feel somewhat more hungry.
The blink frog blinks!
The spiny frog stings you but does no damage.
The spiny frog closely misses you.
You now have 11/13 mp.
Press: ? - help, Dir - move target cursor, f/p - spiny frog Heal: a spiny frog (lightly wounded)
The light of Elyvilon fails to reach the spiny frog.
You are feeling hungry.
The spiny frog closely misses you.
You now have 9/13 mp.
Press: ? - help, Dir - move target cursor, f/p - spiny frog Heal: a spiny frog (lightly wounded)
The spiny frog turns neutral.
You heal the spiny frog.
The spiny frog is completely healed.
You are feeling very hungry.
The blink frog barely misses the spiny frog.
The blink frog blinks!
You now have 7/13 mp.
You see here a blink frog corpse.
You butcher the blink frog corpse.
The blink frog hits you!
* * * LOW HITPOINT WARNING * * *
The blink frog hits you but does no damage.
You see here 3 chunks of flesh.
You take 6 damage, and have 6/97 hp.
Throwing (i - inventory):
n - 2 throwing nets (quivered)
Press: ? - help, Shift-Dir - straight line, f - blink frog
Aim: a blink frog (moderately wounded)
Okay, then.
The blink frog closely misses you.
Okay, then.
Really quaff
w - a potion of berserk rage {!q}?
A red film seems to cover your vision as you go berserk!
You feel yourself moving faster!
You feel mighty! The blink frog hits you!
You die...

#.###..#####.≈≈≈≈.>.≈≈≈≈.
#............≈≈≈≈≈.≈≈≈≈.#
##............F≈≈≈≈≈≈≈≈≈≈.
#P.............≈≈≈≈≈ ≈≈.
#######.######..≈≈≈ ≈≈≈≈
#.# #.≈ ≈.≈.. #.####
#.#......
#..#.#####........
#..@F..F.†........
#P...#.######..#...
##P.#### ..♣ . #...# .♣
#....# P. ......# ..
#....... ..P #......


You could see 2 blink frogs.

Vanquished Creatures
  The ghost of totalnoob the Spear-Bearer, a novice NaBe of Trog (Lair:1)
  Pikel (D:7)
  Maurice (D:8)
  A troll (D:9)
  Prince Ribbit (D:8)
  2 blink frogs (Lair:1)
  A hippogriff (D:9)
  Duvessa (D:7)
  2 water moccasins
  2 porcupines
  7 orc warriors
  3 sky beasts
  A black bear (D:4)
  2 phantoms
  A necrophage (D:6)
  5 ogres
  6 wolves (Lair:1)
  A centaur (D:9)
  2 big kobolds
  6 bullfrogs
  Dowan (D:7)
  A wyvern zombie (D:8)
  4 scorpions
  13 killer bees
  4 wights (D:9)
  A howler monkey (D:4)
  2 crimson imps
  A jelly (D:8)
  A bullfrog zombie (D:5)
  4 hounds
  10 orc wizards
  A centaur skeleton (D:7)
  2 bullfrog skeletons
  7 orc priests
  4 iguanas
  Terence (D:3)
  4 worker ants
  A hound skeleton (D:4)
  A howler monkey zombie (D:4)
  Robin (D:3)
  11 adders
  A shadow imp (D:8)
  2 worms
  4 dart slugs
  40 orcs
  4 giant cockroaches
  20 goblins
  8 hobgoblins
  15 jackals
  7 quokkas
  2 ball pythons
  2 bats
  3 frilled lizards
  12 kobolds
  A quokka skeleton (D:7)
  8 rats
251 creatures vanquished.

Vanquished Creatures (others)
  2 slaves (D:8)
  An iguana (D:8)
  A bush (Lair:1)
  4 plants (Lair:1)
8 creatures vanquished.

Grand Total: 259 creatures vanquished

Notes
Turn   | Place    | Note
-------+----------+-------------------------------------------
     0 | D:1      | Monsterracer the Minotaur Venom Mage began the quest for the Orb.
     0 | D:1      | Reached XP level 1. HP: 14/14 MP: 1/1
     0 | D:1      | Noticed a felid
     0 | D:1      | Noticed a vine stalker
     2 | D:1      | Noticed a vine stalker
     4 | D:1      | Noticed an ogre
     6 | D:1      | Noticed a draconian
     7 | D:1      | Noticed an octopode
     8 | D:1      | Noticed a ghoul
     9 | D:1      | Noticed a minotaur
    11 | D:1      | Noticed an octopode
    14 | D:1      | Noticed a vine stalker
    17 | D:1      | Noticed an octopode
    18 | D:1      | Noticed a felid
    18 | D:1      | Noticed an elf
    20 | D:1      | Noticed a draconian
    22 | D:1      | Noticed a gargoyle
    22 | D:1      | Noticed an ogre
    25 | D:1      | Noticed a draconian
   177 | D:1      | Reached skill level 1 in Fighting
   419 | D:1      | Reached XP level 2. HP: 19/24 MP: 3/3
   580 | D:1      | Reached skill level 1 in Axes
   883 | D:2      | HP: 11/24 [worm (3)]
  1158 | D:2      | Reached skill level 2 in Axes
  1161 | D:2      | Reached XP level 3. HP: 25/29 MP: 4/4
  1843 | D:2      | HP: 13/29 [adder (2)]
  1844 | D:2      | Reached skill level 3 in Axes
  1848 | D:2      | HP: 9/29 [poisoned by an adder]
  1853 | D:2      | HP: 6/29 [poisoned by an adder]
  1858 | D:2      | HP: 5/29 [poisoned by an adder]
  1865 | D:2      | HP: 3/29 [poisoned by an adder]
  1873 | D:2      | HP: 2/29 [poisoned by an adder]
  2233 | D:3      | Reached XP level 4. HP: 18/36 MP: 5/5
  2236 | D:3      | HP: 18/36 [poisoned by an adder]
  2531 | D:3      | Found a stormy altar of Qazlal.
  2544 | D:3      | Reached skill level 4 in Axes
  2816 | D:3      | Noticed a phantom
  2821 | D:3      | Noticed Robin
  2845 | D:3      | HP: 16/36 [phantom (7)]
  2865 | D:2      | HP: 17/36 [goblin/dagger[Robin] (2)]
  3029 | D:2      | HP: 15/36 [phantom (7)]
  3045 | D:2      | HP: 10/36 [phantom (4)]
  3059 | D:2      | HP: 10/36 [phantom (2)]
  3064 | D:2      | HP: 6/36 [phantom (4)]
  3069 | D:2      | HP: 5/36 [phantom (2)]
  3082 | D:2      | Killed a phantom
  3082 | D:2      | Reached skill level 1 in Armour
  3082 | D:2      | Reached XP level 5. HP: 6/44 MP: 6/6
  3357 | D:3      | Killed Robin
  3357 | D:3      | Reached skill level 5 in Axes
  3688 | D:3      | Noticed Terence
  3699 | D:3      | Killed Terence
  3699 | D:3      | Reached XP level 6. HP: 37/51 MP: 7/7
  4223 | D:4      | Reached skill level 6 in Axes
  4444 | D:4      | Reached XP level 7. HP: 35/59 MP: 8/8
  4966 | D:4      | Reached skill level 7 in Axes
  5228 | D:5      | Entered Level 5 of the Dungeon
  5236 | D:5      | Noticed Ethylacetat's ghost (novice CeHu)
  5302 | D:5      | HP: 30/60 [orc wizard/magic dart (8)]
  5307 | D:5      | HP: 26/60 [poisoned by an orc wizard]
  5312 | D:5      | HP: 22/60 [poisoned by an orc wizard]
  5317 | D:5      | HP: 19/60 [poisoned by an orc wizard]
  5323 | D:5      | HP: 18/60 [poisoned by an orc wizard]
  5329 | D:5      | HP: 17/60 [poisoned by an orc wizard]
  5337 | D:5      | HP: 16/60 [poisoned by an orc wizard]
  5704 | D:5      | Reached skill level 5 in Fighting
  5716 | D:5      | Reached skill level 8 in Axes
  5883 | D:5      | HP: 25/61 [Ethylacetat's ghost (17)]
  6254 | D:6      | Reached XP level 8. HP: 59/68 MP: 9/9
  6325 | D:6      | Found a glowing silver altar of Zin.
  6413 | D:6      | Reached skill level 5 in Armour
  6600 | D:6      | Found a staircase to the Ecumenical Temple.
  6718 | Temple   | Entered the Ecumenical Temple
  7097 | D:7      | Noticed Duvessa
  7108 | D:7      | Noticed Dowan
  7115 | D:7      | Killed Duvessa
  7115 | D:7      | Reached skill level 9 in Axes
  7141 | D:7      | Killed Dowan
  7569 | D:7      | Found a white marble altar of Elyvilon.
  7616 | D:7      | Reached skill level 10 in Axes
  7620 | D:7      | Reached XP level 9. HP: 78/78 MP: 10/10
  7651 | D:7      | Became a worshipper of Elyvilon the Healer
  8196 | D:7      | Found a basalt altar of Yredelemnul.
  8335 | D:8      | Noticed Pikel
  8375 | D:7      | Killed Pikel
  8375 | D:7      | Reached skill level 1 in Invocations
  8767 | D:8      | HP: 39/79 [poisoned by a killer bee]
  8776 | D:8      | HP: 39/79 [poisoned by a killer bee]
  8785 | D:8      | HP: 39/79 [poisoned by a killer bee]
  8988 | D:8      | Found a glowing golden altar of the Shining One.
  9006 | D:8      | Noticed Maurice
  9007 | D:8      | Noticed Prince Ribbit
  9020 | D:8      | Killed Prince Ribbit
  9020 | D:8      | Reached skill level 11 in Axes
  9053 | D:8      | Found a shadowy altar of Dithmenos.
  9055 | D:8      | Killed Maurice
  9108 | D:8      | Found a shattered altar of Ashenzari.
  9197 | D:8      | Found a blossoming altar of Fedhas.
  9341 | D:8      | Found a deep blue altar of Sif Muna.
  9455 | D:9      | HP: 39/81 [killer bee (8)]
  9460 | D:8      | HP: 34/81 [poisoned by a killer bee]
  9462 | D:8      | Reached XP level 10. HP: 32/88 MP: 11/11
  9468 | D:8      | HP: 32/88 [poisoned by a killer bee]
  9476 | D:8      | HP: 32/88 [poisoned by a killer bee]
  9719 | D:8      | HP: 44/88 [poisoned by a killer bee]
  9724 | D:8      | HP: 30/88 [poisoned by a killer bee]
  9729 | D:8      | HP: 24/88 [poisoned by a killer bee]
  9734 | D:8      | HP: 20/88 [poisoned by a killer bee]
  9739 | D:8      | HP: 17/88 [poisoned by a killer bee]
  9745 | D:8      | HP: 16/88 [poisoned by a killer bee]
  9751 | D:8      | HP: 15/88 [poisoned by a killer bee]
  9759 | D:8      | HP: 15/88 [poisoned by a killer bee]
 10228 | D:9      | HP: 44/88 [poisoned by a kobold]
 10233 | D:9      | HP: 38/88 [poisoned by a kobold]
 10241 | D:9      | HP: 24/88 [killer bee (6)]
 10258 | D:9      | HP: 18/88 [wight/short sword (4)]
 10558 | D:9      | HP: 41/88 [wight/enchanted falchion (10)]
 10841 | D:9      | Reached skill level 5 in Dodging
 11147 | D:9      | Reached * piety under Elyvilon
 11278 | D:9      | Found a roughly hewn altar of Beogh.
 11280 | D:9      | Found a staircase to the Orcish Mines.
 11293 | D:9      | Reached skill level 12 in Axes
 11478 | D:9      | HP: 37/89 [orc warrior/long sword (11)]
 11483 | D:8      | HP: 22/90 [orc warrior/short sword (11)]
 11920 | D:9      | HP: 41/90 [orc warrior/halberd (13)]
 11922 | D:9      | HP: 9/90 [orc warrior/halberd (20)]
 11923 | D:9      | Elyvilon protects you from harm!
 11927 | D:8      | Was placed under penance by Elyvilon
 12382 | D:9      | Was forgiven by Elyvilon
 12400 | D:9      | HP: 44/90 [troll (2)]
 12775 | D:9      | Found a staircase to the Lair.
 12852 | Orc:1    | Entered Level 1 of the Orcish Mines
 12852 | Orc:1    | Noticed an orc knight
 12860 | D:9      | HP: 37/90 [orc warrior/war axe[an orc knight] (20)]
 12872 | D:9      | HP: 25/90 [orc warrior/hand axe[an orc knight] (12)]
 12894 | D:9      | HP: 23/90 [orc warrior/hand axe[an orc knight] (8)]
 13475 | Lair:1   | Entered Level 1 of the Lair of Beasts
 13533 | Lair:1   | Noticed totalnoob's ghost (novice NaBe)
 13543 | Lair:1   | HP: 34/90 [totalnoob's ghost (16)]
 13832 | Lair:1   | HP: 39/90 [totalnoob's ghost (12)]
 13835 | Lair:1   | Killed totalnoob's ghost
 14131 | Lair:1   | HP: 38/90 [electric eel/bolt of electricity (10)]
 14415 | Lair:1   | You fall through a shaft!
 14553 | Lair:1   | Reached ** piety under Elyvilon
 14640 | Lair:1   | Noticed a spiny frog
 14646 | Lair:1   | Reached XP level 11. HP: 68/97 MP: 13/13
 14656 | Lair:1   | Reached skill level 5 in Invocations
 14663 | Lair:1   | HP: 46/97 [wolf (4)]
 14668 | Lair:1   | HP: 37/97 [wolf (1)]
 14673 | Lair:1   | HP: 11/97 [spiny frog (14)]
 14678 | Lair:1   | HP: 6/97 [blink frog (7)]
 14683 | Lair:1   | Slain by a blink frog

Skill      XL: |  1  2  3  4  5  6  7  8  9 10 11 |
---------------+----------------------------------+-----
Fighting       | 2 3 4 5 6 7 9 |  9.1
Axes           | 2 3 4 5 6 8 10 11 12 | 12.9
Armour         | 1 2 3 4 6 7 8 |  8.9
Dodging        | 4 6 |  6.2
Invocations    | 3 4 5 |  5.0
Stealth        | |  1.5
Spellcasting   | |  1.3
Conjurations   | |  0.6
Poison Magic   | |  2.1

Action                   |  1- 3 |  4- 6 |  7- 9 | 10-12 || total
-------------------------+-------+-------+-------+-------++-------
Melee: Unarmed           |    31 |       |     6 |       ||    37
       Headbutt          |    22 |    27 |    73 |    57 ||   179
       Hand axe          |    96 |   187 |   378 |   133 ||   794
       Dagger            |     3 |       |       |       ||     3
       War axe           |       |       |       |   171 ||   171
Throw: Throwing net      |       |       |       |     2 ||     2
Invok: Divine Protection |       |       |       |     1 ||     1
       Heal Other        |       |       |       |     3 ||     3
Evoke: Wand              |       |       |     1 |       ||     1
  Use: Scroll            |       |    12 |     7 |     3 ||    22
       Potion            |       |       |       |     2 ||     2
 Stab: Paralysed         |       |       |     8 |       ||     8
  Eat: Chunk             |     3 |     8 |    13 |    13 ||    37
       Ration            |       |       |     1 |     1 ||     2
Armor: Chain mail        |    72 |   102 |   105 |     4 ||   283
       Robe              |     1 |       |       |       ||     1
       Scale mail        |       |       |   101 |   144 ||   245
Dodge: Dodged            |    58 |    52 |   153 |   230 ||   493

Vault maps used:
D:1:      shiori_arrival_whats_in_store_for_you
D:2:      first_ration
D:3:      lemuel_round_altar, uniq_terence, uniq_robin
D:4:      black_bear_nest_1
D:5:      minmay_mini_ossuary
D:6:      lemuel_round_altar, minmay_temple_entry_grid
D:7:      kennysheep_mini_moat, yredelemnul_altar_generic, interstate_on_off,
          uniq_duvessa
D:8:      nicolae_overflow_hidden_temple, uniq_prince_ribbit1, uniq_maurice,
          uniq_pikel
D:9:      lair_entry_dummy, david_orc_5
Temple:   nicolae_temple_god_jail
Lair:1:   grunt_forest_large_clearing_hut, infiniplex_staircase_pool_2
Lair:2:   beast_lair_carwin_10, lemuel_fruit_tree, uniq_gastronok, uniq_erica
Orc:1:    serial_shops, shop, uniq_urug
